 Dungeon Crawl Stone Soup version 0.20-a0-709-gd40821f (webtiles) character file.

142 Gorglomux the Chucker (level 5, -4/54 HPs)
             Began as an Ogre Hunter on Feb 22, 2017.
             Was an Initiate of Okawaru.
             Hit by a tomahawk thrown by an orc (5 damage)
             ... on level 3 of the Dungeon.
             The game lasted 00:04:51 (2461 turns).

Gorglomux the Chucker (Ogre Hunter)                 Turns: 2461, Time: 00:04:52

Health: -4/54      AC:  3    Str: 16    XL:     5   Next: 25%
Magic:  5/5        EV: 10    Int: 12    God:    Okawaru [......]
Gold:   111        SH:  0    Dex: 10    Spells: 4/4 levels left

rFire    . . .     SeeInvis .   a - +0 whip
rCold    . . .     Gourm    .   N - +0 robe
rNeg     . . .     Faith    .   (no shield)
rPois    .         Spirit   .   (helmet restricted)
rElec    .         Reflect  .   (no cloak)
rCorr    .         Harm     .   (gloves unavailable)
MR       .....                  (boots unavailable)
Stlth    +.........             (no amulet)
Regen    0.2/turn               (no ring)
MPRegen  0.1/turn               (no ring)

@: no status effects
A: unfitting armour, tough skin 1
a: Renounce Religion


You were on level 3 of the Dungeon.
You worshipped Okawaru.
Okawaru was noncommittal.
You were not hungry.

You visited 1 branch of the dungeon, and saw 3 of its levels.

You collected 111 gold pieces.

Inventory:

Hand Weapons
 a - a +0 whip (weapon)
 b - a +0 blowgun
 J - a +0 short sword
Missiles
 c - 3 large rocks (quivered)
 H - 6 poisoned needles
 W - 25 stones
 X - 4 javelins
 Z - a throwing net {!t}
Armour
 N - a +0 robe (worn)
Scrolls
 G - a scroll of random uselessness {unknown}
 I - a scroll of remove curse {unknown}
 L - a scroll of magic mapping {unknown}
 P - a scroll of amnesia {unknown}
 R - a scroll of identify
 S - a scroll of teleportation {unknown}
 T - a scroll of blinking {unknown}
Potions
 F - a potion of lignification {unknown}
 K - a potion of resistance
 M - a potion of berserk rage {unknown}
 Q - a potion of mutation {unknown}
 Y - a potion of curing {unknown}
Comestibles
 f - 2 bread rations
 O - 2 chunks of flesh
 U - 4 meat rations
 V - a fruit


   Skills:
 - Level 4.0 Fighting
 + Level 5.9 Throwing
 - Level 1.7 Dodging
 - Level 0.6 Stealth


You had 4 spell levels left.
You didn't know any spells.

Dungeon Overview and Level Annotations

Branches:
Dungeon (3/15)

Altars:
Makhleb
Nemelex Xobeh
Okawaru
Ru
Vehumet


Innate Abilities, Weirdness & Mutations

You are too large for most types of armour.
You have tough skin. (AC +1)


Message History

Okawaru accepts your kill.
The orc throws a tomahawk.
The tomahawk hits you.
* * * LOW HITPOINT WARNING * * *
The orc barely misses you.
Things that are here:
a falchion; a leather armour; an orc corpse You hit the orc but do no damage.
The orc hits you with a hand axe.
* * * LOW HITPOINT WARNING * * *
You closely miss the orc. The orc hits you with a hand axe.
* * * LOW HITPOINT WARNING * * *
You closely miss the orc. The orc hits you with a hand axe.
* * * LOW HITPOINT WARNING * * *
You see here a tomahawk.
The orc throws a tomahawk.
The tomahawk closely misses you.
Throwing (i - inventory. (,) - cycle):
c - 4 large rocks (quivered)
Press: ? - help, Shift-Dir - straight line, f - orc
Aim: an orc, wielding a hand axe You throw a large rock.
The large rock barely misses the orc.
The orc throws a tomahawk.
The tomahawk hits you.
You die...

.............##............#
....................##.....#
#.#....##.#.###.###.##.....#
#.#....##)......# #.########
#.#....####.###.###.#
#.................#
##.####.##### #.#######
#(@()o.(# ######.........
#.#.#.#.#. #.........
#.#.#.#.#. #.........
..#.#.#.#. ..........


You could see an orc.

Vanquished Creatures
  The ghost of Graouh the Covered, a weakling MiFi (D:3)
  Jessica (D:3)
  2 adders
  A dart slug (D:1)
  2 leopard geckos
  2 orcs (D:3)
  4 bats
  2 goblins
  8 hobgoblins
  8 jackals
  A frilled lizard (D:1)
  9 kobolds
  3 rats
44 creatures vanquished.

Notes
Turn   | Place    | Note
-------+----------+-------------------------------------------
     0 | D:1      | Gorglomux the Ogre Hunter began the quest for the Orb.
     0 | D:1      | Reached XP level 1. HP: 22/22 MP: 1/1
    96 | D:1      | Reached skill level 3 in Fighting
   361 | D:1      | Reached XP level 2. HP: 25/31 MP: 2/2
  1323 | D:2      | Reached XP level 3. HP: 39/39 MP: 3/3
  1828 | D:2      | Found a sparkling altar of Nemelex Xobeh.
  1846 | D:2      | Found a sacrificial altar of Ru.
  1849 | D:2      | Found a burning altar of Makhleb.
  1852 | D:2      | Found a radiant altar of Vehumet.
  1888 | D:2      | Found an iron altar of Okawaru.
  1893 | D:2      | Became a worshipper of Warmaster Okawaru
  2067 | D:3      | Reached XP level 4. HP: 43/48 MP: 4/4
  2071 | D:3      | Noticed Graouh's ghost (weakling MiFi)
  2071 | D:3      | Reached skill level 5 in Throwing
  2077 | D:3      | Killed Graouh's ghost
  2377 | D:3      | Noticed Jessica
  2385 | D:3      | Killed Jessica
  2385 | D:3      | Reached XP level 5. HP: 54/54 MP: 5/5
  2458 | D:3      | HP: 1/54 [orc/hand axe (4)]
  2461 | D:3      | Hit by a tomahawk thrown by an orc

Vault maps used:
D:1:      elethiomel_arrival_infinity_welcomes_careful_drivers,
          minmay_pentomino_r2
D:2:      grunt_temple_overflow_cloverleaf, first_bread, okawaru_trees_1
D:3:      serial_glass, glass_columns_a, glass_columns_c, glass_columns_c,
          glass_columns_a, uniq_jessica

Skill      XL: |  1  2  3  4 |
---------------+-------------+-----
Fighting       | 3 4 |  4.0
Throwing       | 5 |  5.9
Dodging        | |  1.7
Stealth        | |  0.6

Action                   |  1- 3 |  4- 6 || total
-------------------------+-------+-------++-------
Melee: Short sword       |    74 |       ||    74
       Whip              |    15 |    51 ||    66
 Fire: Hunting sling     |    16 |       ||    16
       Blowgun           |       |     4 ||     4
Throw: Stone             |    46 |       ||    46
       Javelin           |     2 |     4 ||     6
       Throwing net      |     1 |       ||     1
       Large rock        |     5 |     4 ||     9
  Use: Scroll            |     1 |       ||     1
 Stab: Sleeping          |     1 |       ||     1
  Eat: Chunk             |     4 |     1 ||     5
Armor: Robe              |    32 |    16 ||    48
Dodge: Dodged            |    78 |    40 ||   118
